 Dungeon Crawl Stone Soup version 0.21.0-3-g78d12a8 (webtiles) character file.

245 EndlessMike the Bolt Thrower (level 6, -6/51 HPs)
             Began as a Kobold Arcane Marksman on Jan 12, 2018.
             Was a Follower of Dithmenos.
             Mangled by a two-headed ogre
             ... wielding a +0 giant club
              (20 damage)
             ... on level 4 of the Dungeon.
             The game lasted 00:09:35 (5009 turns).

EndlessMike the Bolt Thrower (KoAM)                 Turns: 5009, Time: 00:09:36

Health: -6/51      AC:  2    Str: 14    XL:     6   Next: 32%
Magic:  7/7        EV: 15    Int: 14    God:    Dithmenos [*.....]
Gold:   163        SH:  0    Dex: 16    Spells: 6/7 levels left

rFire    + . .     SeeInvis .   a - +0 quarterstaff
rCold    . . .     Gourm    .   (shield currently unavailable)
rNeg     . . .     Faith    .   e - +0 robe
rPois    .         Spirit   .   (no helmet)
rElec    .         Reflect  .   (no cloak)
rCorr    .         Harm     .   (no gloves)
MR       .....                  (no boots)
Stlth    ..........             (no amulet)
HPRegen  0.17/turn              k - ring of protection from fire
MPRegen  0.10/turn              (no ring)

@: berserking (expiring), wreathed by umbra, very quick
A: small, carnivore
a: Renounce Religion


You were on level 4 of the Dungeon.
You worshipped Dithmenos.
Dithmenos was aware of your devotion.
You were very full.

You visited 1 branch of the dungeon, and saw 4 of its levels.

You collected 163 gold pieces.

Inventory:

Hand Weapons
 a - a +0 quarterstaff (weapon)
 b - a +0 hand crossbow
Missiles
 i - 12 bolts
Armour
 e - a +0 robe (worn)
Jewellery
 k - a ring of protection from fire (left hand)
Wands
 d - a wand of paralysis (9)
Scrolls
 g - a scroll of enchant armour
 h - 3 scrolls of remove curse
 j - a scroll of noise
 m - a scroll of amnesia
Potions
 l - a potion of degeneration {unknown}
Books
 c - a book of Debilitation

   Spells                             Type                      Level
   a - Corona                         Hexes                        1
   b - Slow                           Hexes                        2
   c - Inner Flame                    Hexes/Fire                   3
   d - Portal Projectile              Hexes/Translocation          3
   e - Cause Fear                     Hexes                        4
   f - Leda's Liquefaction            Hexes/Earth                  4
Comestibles
 f - 4 rations


   Skills:
 - Level 1.1 Fighting
 + Level 3.2 Staves
 - Level 5.9 Crossbows
 - Level 2.4 Dodging
 - Level 1.1 Spellcasting
 - Level 3.0 Hexes


You had 6 spell levels left.
You knew the following spells:

 Your Spells              Type           Power        Failure   Level  Hunger
a - Corona                Hex            #......      8%          1    ##.....


Dungeon Overview and Level Annotations

Branches:
Dungeon (4/15)
 Temple: D:4-7

Altars:
Ashenzari
Dithmenos
Gozag
Makhleb
Okawaru
Xom
Zin


Innate Abilities, Weirdness & Mutations

You are small and have problems with some larger weapons.
You are carnivorous and can eat meat at any time.


Message History

You feel agile.
You closely miss the jackal. The jackal misses you.
You thump the two-headed ogre!
The two-headed ogre is moderately wounded.
The two-headed ogre closely misses you. The two-headed ogre misses you.
You sock the two-headed ogre!
The two-headed ogre is moderately wounded.
You thump the two-headed ogre!
The two-headed ogre is heavily wounded.
The jackal barely misses you.
The two-headed ogre hits you with a giant club!!
The two-headed ogre hits you with a giant club!
* * * LOW HITPOINT WARNING * * *
The jackal closely misses you.
You are too berserk!
You barely miss the two-headed ogre.
The two-headed ogre is heavily wounded.
The jackal misses you.
The two-headed ogre hits you with a giant club!!
You die...

#. .. #. ..... ..
..#.# #. #.#.# #!
#.#.#### #h
#.......
#h####...#####
#.@O..........
######...##..
#...##.#..# .
#......#..##.
######O.##..#....
........##..#...###
#######.##..#...O.
#.##..##..#
#.##..##..###


You could see a two-headed ogre and 2 jackals.

Vanquished Creatures
  An ogre (D:4)
  A hound skeleton (D:4)
  8 adders
  2 worms (D:3)
  3 dart slugs
  A leopard gecko (D:2)
  3 orcs (D:3)
  5 bats
  4 giant cockroaches (D:1)
  7 goblins
  7 hobgoblins
  9 jackals
  2 kobolds (D:3)
  6 frilled lizards
  6 rats
65 creatures vanquished.

Notes
Turn   | Place    | Note
-------+----------+-------------------------------------------
     0 | D:1      | EndlessMike the Kobold Arcane Marksman began the quest for the Orb.
     0 | D:1      | Reached XP level 1. HP: 12/12 MP: 2/2
   128 | D:1      | Reached skill level 3 in Crossbows
   132 | D:1      | Reached XP level 2. HP: 16/16 MP: 3/3
   676 | D:2      | Found a shadowy altar of Dithmenos.
   913 | D:2      | Reached skill level 4 in Crossbows
   913 | D:2      | Reached XP level 3. HP: 20/20 MP: 4/4
  1047 | D:2      | Found a burning altar of Makhleb.
  1440 | D:3      | Found an opulent altar of Gozag.
  1440 | D:3      | Found a glowing silver altar of Zin.
  1786 | D:3      | Found a shimmering altar of Xom.
  1786 | D:3      | Found an iron altar of Okawaru.
  1843 | D:3      | Found a shattered altar of Ashenzari.
  1906 | D:2      | Became a worshipper of Dithmenos the Shadowed
  1925 | D:3      | Found a faded altar of an unknown god.
  2235 | D:3      | Reached skill level 5 in Crossbows
  2235 | D:3      | Reached XP level 4. HP: 25/25 MP: 5/5
  2920 | D:3      | Reached XP level 5. HP: 18/29 MP: 6/6
  3086 | D:3      | Noticed an ice beast
  3568 | D:2      | Reached skill level 1 in Staves
  3628 | D:2      | Reached * piety under Dithmenos
  4395 | D:4      | Noticed a two-headed ogre
  4992 | D:4      | Noticed an ogre
  5004 | D:4      | Killed an ogre
  5004 | D:4      | Reached XP level 6. HP: 34/34 MP: 7/7
  5009 | D:4      | Mangled by a two-headed ogre

Skill      XL: |  1  2  3  4  5 |
---------------+----------------+-----
Crossbows      | 3 4 5 |  5.9
Staves         | 3 |  3.2
Fighting       | |  1.1
Dodging        | |  2.4
Spellcasting   | |  1.1
Hexes          | |  3.0

Action                   |  1- 3 |  4- 6 || total
-------------------------+-------+-------++-------
Melee: Spear             |    44 |       ||    44
       Dagger            |    58 |     2 ||    60
       Quarterstaff      |       |   104 ||   104
 Fire: Hand crossbow     |    42 |    28 ||    70
  Use: Scroll            |     3 |     6 ||     9
       Potion            |     1 |     1 ||     2
 Stab: Sleeping          |     2 |       ||     2
  Eat: Chunk             |     9 |    11 ||    20
Armor: Robe              |    23 |     9 ||    32
Dodge: Dodged            |   110 |   105 ||   215
